 Dungeon Crawl Stone Soup version 0.29.1-4-g47bece8355 (webtiles) character file.

Game seed: 9180647156026435958

218422 BeingJoeMalik the Warrior (level 19, -12/195 HPs)
             Began as a Naga Fighter on Dec 2, 2022.
             Was the Champion of Okawaru.
             Mangled by a naga warrior
             ... wielding a +0 halberd
              (25 damage)
             ... on level 4 of the Snake Pit.
             The game lasted 01:49:45 (37111 turns).

BeingJoeMalik the Warrior (Naga Fighter)           Turns: 37111, Time: 01:49:45

Health: -12/195    AC: 39    Str: 20    XL:     19   Next: 50%
Magic:  0/32       EV:  4    Int: 14    God:    Okawaru [******]
Gold:   732        SH: 15    Dex: 24    Spells: 33/37 levels left

rFire   + . .      SeeInvis +   d - +10 demon trident of the Battered Wars {pain, rN+ rCorr}
rCold   + . .      Faith    .   g - +0 kite shield
rNeg    + + .      Spirit   +   o - +8 chain mail of Rotation {rC+}
rPois   +          Reflect  .   Q - +0 helmet {Int+3}
rElec   .          Harm     .   m - +1 cloak {Will+}
rCorr   +          Rampage  .   P - +2 pair of gloves of Liberalism {Dex+3}
Will    +++..                   S - +2 barding {Stlth+}
Stlth   +++.......              j - amulet "Hero's Friend" {Spirit rF+ Regen+}
HPRegen 1.22/turn               y - +6 ring of dexterity
MPRegen 0.23/turn               L - ring of positive energy

@: constricted, studying Necromancy, very slow
A: AC +6, large, see invisible, deformed body, poison resistance, slowness 2,
spit poison 1, naga tail 2
a: Spit Poison, Renounce Religion, Heroism, Finesse, Duel


You were on level 4 of the Snake Pit.
You worshipped Okawaru.
Okawaru was exalted by your worship.
You visited 6 branches of the dungeon, and saw 30 of its levels.
You visited the Abyss 2 times.
You also visited: Bailey.

You collected 4691 gold pieces.
You spent 3959 gold pieces at shops.

Inventory:

Hand Weapons
 a - a +2 demon trident of draining
 d - the +10 demon trident of the Battered Wars (weapon) {pain, rN+ rCorr}
   (You acquired it in a bailey)

   In the hands of one skilled in necromantic magic, it inflicts extra damage on
   living creatures.
   rN:        It protects you from negative energy.
   rCorr:     It protects you from acid and corrosion.
 v - the +4 demon trident of Imminent Death {vamp, *Rage Str+9}
   (Okawaru gifted it to you on level 5 of the Lair of Beasts)

   It occasionally heals its wielder for a portion of the damage dealt when it
   wounds a living foe.
   Str:       It affects your strength (+9).
   *Rage:     It berserks you when you make melee attacks (+20% chance).
Missiles
 V - 8 silver javelins
Armour
 g - a +0 kite shield (worn)
 m - a +1 cloak of willpower (worn)
 o - the +8 chain mail of Rotation (worn) {rC+}
   (You found it on level 2 of the Dungeon)

   rC:        It protects you from cold.
 D - the +5 scale mail "Fahu" {rF++}
   (You found it on level 5 of the Lair of Beasts)

   rF:        It greatly protects you from fire.
 K - the +0 plate armour of the Nine Mouths {rN++ Int-4 SInv Stlth+}
   (You found it in a bailey)

   Int:       It affects your intelligence (-4).
   rN:        It greatly protects you from negative energy.
   SInv:      It lets you see invisible.
   Stlth:     It makes you more stealthy.
 P - the +2 pair of gloves of Liberalism (worn) {Dex+3}
   (You found it on level 3 of the Elven Halls)

   Dex:       It affects your dexterity (+3).
 Q - a +0 helmet of intelligence (worn)
 S - a +2 barding of stealth (worn)
Jewellery
 c - a ring of magical power
 j - the amulet "Hero's Friend" (around neck) {Spirit rF+ Regen+}
   (You bought it in a shop on level 2 of the Orcish Mines)

   [amulet of guardian spirit]

   It causes incoming damage to be divided between your reserves of health and
   magic.
   rF:        It protects you from fire.
   Regen:     It increases your rate of health regeneration.
 n - the ring "Mikulel" {Will+ Str+4 Int+6}
   (You took it off a deep elf elementalist on level 3 of the Elven Halls)

   [ring of intelligence]

   Str:       It affects your strength (+4).
   Int:       It affects your intelligence (+6).
   Will:      It increases your willpower.
 u - the macabre finger necklace {rN+}
   (You took it off a deep elf zephyrmancer on level 3 of the Elven Halls)

   [amulet of nothing]

   It enables you to equip an extra ring.
   rN:        It protects you from negative energy.
 w - an amulet of reflection
 y - a +6 ring of dexterity (left hand)
 C - the amulet "Tose" {Spirit rF++}
   (You took it off a deep elf sorcerer on level 1 of the Elven Halls)

   [amulet of guardian spirit]

   It causes incoming damage to be divided between your reserves of health and
   magic.
   rF:        It greatly protects you from fire.
 L - a ring of positive energy (right hand)
 U - the amulet of the Four Winds {rN+ Will+++ Clar}
   (You bought it in a shop on level 2 of the Orcish Mines)

   [amulet of nothing]

   rN:        It protects you from negative energy.
   Clar:      It protects you against confusion.
   Will:      It greatly increases your willpower.
 Y - a ring of resist corrosion
Wands
 l - a wand of iceblast (11)
 H - a wand of quicksilver (26)
 R - a wand of polymorph (21)
 T - a wand of mindburst (9)
Scrolls
 b - 2 scrolls of brand weapon
 f - 4 scrolls of identify
 h - 6 scrolls of poison
 p - 12 scrolls of teleportation
 r - a scroll of blinking
 A - 5 scrolls of enchant weapon
 B - 4 scrolls of enchant armour
 E - a scroll of acquirement
 G - 6 scrolls of fear
 O - 3 scrolls of magic mapping
 W - 2 scrolls of silence
Potions
 e - 17 potions of curing
 i - 6 potions of brilliance
 k - a potion of cancellation
 q - 6 potions of haste
 s - 7 potions of mutation
 t - 4 potions of resistance
 x - 5 potions of heal wounds
 z - 8 potions of flight
 F - 4 potions of berserk rage
 M - 3 potions of magic
 N - 4 potions of might


   Skills:
 + Level 17.8 Fighting
 - Level 14.4 Polearms
 + Level 13.2 Armour
 + Level 5.5 Dodging
 * Level 11.7 Stealth
 + Level 14.0 Shields
 * Level 9.7 Spellcasting
 * Level 12.3 Necromancy


You had 33 spell levels left.
You knew the following spells:

 Your Spells              Type           Power      Damage    Failure   Level
a - Necrotise             Necr           100%       1d9       1%          1
b - Vampiric Draining     Necr           41%        2d8       1%          3

Your spell library contained the following spells:

 Spells                   Type           Power      Damage    Failure   Level
 Sublimation of Blood     Necr           41%        N/A       1%          2
 Agony                    Necr           41%        N/A       19%         5
 Anguish                  Hex/Necr       12%        N/A       63%         4
 Apportation              Tloc           12%        N/A       71%         1
 Freeze                   Ice            24%        1d5       71%         1
 Sandblast                Erth           12%        2d6       71%         1
 Slow                     Hex            24%        N/A       71%         1
 Sting                    Tmut/Pois      24%        1d4       71%         1
 Passwall                 Tmut/Erth      5%         N/A       83%         2
 Poisonous Vapours        Pois/Air       12%        N/A       83%         2
 Scorch                   Fire           12%        2d5       83%         2
 Searing Ray              Conj           12%        2d4       83%         2
 Corpse Rot               Necr/Pois/Air  18%        N/A       88%         4
 Borgnjor's Vile Clutch   Necr/Erth      12%        N/A       92%         5
 Confusing Touch          Hex            6%         N/A       97%         3
 Conjure Flame            Conj/Fire      6%         6-21      97%         3
 Frozen Ramparts          Ice            12%        1d2       97%         3
 Gell's Gravitas          Tloc           6%         N/A       97%         3
 Inner Flame              Hex/Fire       6%         N/A       97%         3
 Lesser Beckoning         Tloc           6%         N/A       97%         3
 Portal Projectile        Hex/Tloc       12%        N/A       97%         3
 Stone Arrow              Conj/Erth      12%        3d7       97%         3
 Teleport Other           Tloc           6%         N/A       97%         3
 Cause Fear               Hex            3%         N/A       100%        4
 Flame Wave               Conj/Fire      6%         2d5       100%        4
 Fulminant Prism          Conj/Hex       3%         3d6       100%        4
 Hailstorm                Conj/Ice       6%         3d4       100%        4
 Ice Form                 Ice/Tmut       6%         N/A       100%        4
 Iskenderun's Mystic Bla  Conj/Tloc      6%         2d4       100%        4
 Leda's Liquefaction      Hex/Erth       3%         N/A       100%        4
 Olgreb's Toxic Radiance  Pois           6%         N/A       100%        4
 Passage of Golubria      Tloc           6%         N/A       100%        4
 Petrify                  Tmut/Erth      6%         N/A       100%        4
 Alistair's Intoxication  Tmut/Pois      4%         N/A       100%        5
 Blade Hands              Tmut           3%         N/A       100%        5
 Irradiate                Conj/Tmut      3%         3d12      100%        5
 Lee's Rapid Deconstruct  Erth           3%         3d6*      100%        5
 Metabolic Englaciation   Hex/Ice        3%         N/A       100%        5
 Silence                  Hex/Air        3%         N/A       100%        5
 Eringya's Noxious Bog    Tmut/Pois      3%         N/A       100%        6
 Statue Form              Tmut/Erth      4%         N/A       100%        6
 Dragon Form              Tmut           3%         N/A       100%        7
 Enfeeble                 Hex            3%         N/A       100%        7
 Storm Form               Tmut/Air       3%         N/A       100%        7
 Borgnjor's Revivificati  Necr           20%        N/A       100%        8
 Discord                  Hex            3%         N/A       100%        8
 Lehudib's Crystal Spear  Conj/Erth      3%         10d2      100%        8
 Maxwell's Capacitive Co  Air            3%         ∞         100%        8
 Call Canine Familiar     Summ           Unusable   N/A       N/A         3
 Summon Guardian Golem    Hex/Summ       Unusable   N/A       N/A         3
 Tukima's Dance           Hex            Unusable   N/A       N/A         3
 Summon Ice Beast         Ice/Summ       Unusable   N/A       N/A         4
 Summon Lightning Spire   Summ/Air       Unusable   N/A       N/A         4
 Summon Cactus Giant      Summ           Unusable   N/A       N/A         6
 Dragon's Call            Summ           Unusable   N/A       N/A         9

Dungeon Overview and Level Annotations

Branches:
Dungeon (15/15)            Temple (1/1) D:5            Lair (5/5) D:9
 Shoals (0/4) Lair:3        Snake (4/4) Lair:3        Slime (0/5) Lair:5
    Orc (2/2) D:12            Elf (3/3) Orc:2        Vaults (0/5) D:14
 Depths (0/4) D:15         Bailey (visited)

Altars:
Ashenzari
Cheibriados
Dithmenos
Elyvilon
Fedhas
Gozag
Hepliaklqana
Kikubaaqudgha
Makhleb
Nemelex Xobeh
Okawaru
Qazlal
Ru
Sif Muna
Trog
Uskayaw
Vehumet
Wu Jian
Xom
Yredelemnul
Zin
The Shining One
Lugonu

Shops:
D:5 (   Orc:2 [*?=*   Elf:3 *[?   Snake:4 ::=

Portals:
Abyss: Lair:1
Trove: D:15 (give +3 shadow dragon scales)

Annotations:
Lair:3 2 transporters, exclusion: 2 oklob plants, trench's ghost, journeyman DrVM
Snake:4 2 exclusions


Innate Abilities, Weirdness & Mutations

Your serpentine skin is tough. (AC +6)
You have supernaturally acute eyesight. (SInv)
Armour fits poorly on your strangely shaped body.
Your system is resistant to poisons. (rPois)
You cover ground very slowly.
You can spit poison.
You can use your snake-like lower body to constrict enemies.


Message History

You feel sick. You block the anaconda's attack. The anaconda constricts you.
The black mamba bites you but does no damage.
You block the anaconda's attack. The anaconda constricts you.
Unknown command.
The anaconda's grasp on you weakens, but your attempt to escape fails.
You feel sick.
You are no longer poisoned.
The black mamba bites you but does no damage.
You block the anaconda's attack. The anaconda constricts you.
The naga warrior barely misses you.
The naga warrior hits you from afar with a +0 halberd!!
* * * LOW HITPOINT WARNING * * *
Unknown command.
Unknown command.
You escape the anaconda's grasp.
The naga warrior hits you with a +0 dire flail!!
* * * LOW HITPOINT WARNING * * *
You block the naga warrior's attack.
Unknown command.
The anaconda attacks as you move away! You block the anaconda's attack.
The anaconda bites you but does no damage.
A naga comes into view.
It is wielding a +0 short sword of distortion.
The anaconda grabs you. The anaconda bites you.
* * * LOW HITPOINT WARNING * * *
The anaconda constricts you.
The naga mage mumbles some strange words.
The naga mage seems to speed up.
The anaconda bites you!
* * * LOW HITPOINT WARNING * * *
The anaconda constricts you.
Unknown command.
Unknown command.
Blink to where?
Press: ? - help, Dir - move target The anaconda's grasp on you weakens, but your attempt to escape fails.
As you read the scroll of blinking, it crumbles to dust.
The anaconda bites you but does no damage.
The anaconda constricts you.
* * * LOW HITPOINT WARNING * * *
The naga warrior hits you from afar with a +0 halberd!!
You die...

*,,,,,........# #......
*,,,,,,.......#####......
*,,,,,,###...............
**,,,,,#.###.............
**,,,,#...#..##'##'###.)
*,,,,##...N..#.......##.
*,,,,#....#..##.......#.
*,,,,###'.#..##......##.
******#@###..#........#.
*******##SN....#.......#.
*,,,,,,*#SNN..........##.
*,,,,,,*#NN...........#..
*,,,***##..##..###,####..
*,,***##.†.##....###.....
*,,,,,.......N.[.))[.....
*,,,.......).....[####..)
***#...##...#######..##..


You could see 3 naga warriors, an anaconda, a black mamba and 3 nagas.

Vanquished Creatures
  Nikola (Elf:2)
  Jorgrun (Lair:3)
  3 deep elf master archers (Elf:3)
  3 deep elf blademasters
  Asterion (Elf:1)
  A tentacled starspawn (Abyss:3)
  3 nagarajas (Snake:2)
  An iron dragon (Elf:1)
  11 deep elf sorcerers
  A cacodemon (Abyss:3)
  7 deep elf elementalists (Elf:3)
  A ghoul (Abyss:3)
  A very ugly thing (Abyss:3)
  Nessos (D:15)
  4 deep elf demonologists
  Azrael (Elf:1)
  A lorocyproca (Abyss:3)
  6 deep elf annihilators (Elf:3)
  A dire elephant (D:15)
  11 deep elf death magi
  6 deep elf high priests
  A rakshasa (D:14)
  A boulder beetle (D:14)
  2 salamander tyrants
  7 hydras
  A death knight (Abyss:3)
  11 naga warriors
  An ogre mage (D:15)
  11 anacondas
  8 two-headed ogres
  11 centaur warriors
  22 dancing weapons
  3 tengu warriors (D:13)
  2 orc high priests
  Urug (Lair:5)
  8 naga sharpshooters
  6 shock serpents
  A sun demon (Abyss:3)
  A fire crab (Lair:5)
  2 salamander mystics (Snake:2)
  9 deep elf knights
  A goliath frog (Lair:5)
  2 sixfirhies (Abyss:3)
  10 deep elf archers
  7 naga ritualists
  6 orc knights
  22 deep elf pyromancers
  A necromancer (Elf:1)
  12 mana vipers
  2 wizards
  5 ugly things
  A wolf spider (D:15)
  23 deep elf zephyrmancers
  3 cyclopes
  3 orc sorcerers
  19 salamanders
  12 elephants
  4 manticores
  A merfolk siren (Lair:3)
  2 smoke demons (Abyss:3)
  5 guardian serpents
  A black mamba (shapeshifter) (D:14)
  14 naga magi
  An ice statue (Lair:5)
  42 black mambas
  A gargoyle (D:11)
  22 cane toads
  2 freezing wraiths (Abyss:3)
  Psyche (D:10)
  4 unseen horrors
  3 kobold demonologists
  2 efreet
  9 komodo dragons
  An ice devil (Lair:5)
  A demonic crawler (Abyss:3)
  An ancient zyme (Abyss:3)
  3 tengu conjurers
  A troll (shapeshifter) (D:15)
  A meliai (D:14)
  3 merfolk (Lair:3)
  3 polar bears
  8 trolls
  A queen bee (shapeshifter) (D:14)
  A polar bear (shapeshifter) (Elf:3)
  4 tyrant leeches (Lair:5)
  2 hornets
  A hornet (shapeshifter) (D:14)
  6 large abominations
  7 dream sheep (Lair:5)
  24 blink frogs
  4 air elementals
  A jumping spider (shapeshifter) (D:13)
  3 starcursed masses (Abyss:3)
  3 wraiths
  A ynoxinul (Abyss:3)
  3 flying skulls
  Sigmund (D:4)
  5 wyverns
  24 yaks
  7 basilisks
  4 fire elementals
  11 vampire mosquitoes
  Grum (Lair:1)
  4 steam dragons
  Menkaure (D:4)
  A neqoxec (Abyss:3)
  3 acid dragons
  4 wargs
  5 hell hounds (Elf:1)
  49 nagas
  11 water moccasins
  59 orc warriors
  2 black bears (D:9)
  9 ice beasts
  8 ogres
  21 wolves
  28 centaurs
  3 elf zombies (Elf:1)
  24 bullfrogs
  An earth elemental (Elf:3)
  A necrophage (D:5)
  2 scorpions
  A gnoll sergeant (D:9)
  8 wights (D:8)
  3 killer bees (D:8)
  11 electric eels
  6 howler monkeys
  8 crimson imps (D:7)
  7 hounds
  7 jellies
  16 orc priests
  5 iguanas
  16 orc wizards
  A boggart simulacrum (D:15)
  6 gnolls
  3 adders
  A shadow imp (D:7)
  3 white imps
  2 ufetubi
  3 worms
  A dart slug (D:1)
  84 orcs
  4 endoplasms
  5 giant cockroaches
  15 goblins
  13 hobgoblins
  4 jackals (D:2)
  3 kobolds
  2 quokkas
  4 ball pythons
  7 bats
  4 frilled lizards
  8 rats
  A lurking horror (Lair:1)
  A starspawn tentacle (Abyss:3)
1053 creatures vanquished.

Vanquished Creatures (others)
  A deep elf zephyrmancer (Elf:2)
  2 deep elf pyromancers (Elf:2)
  A flying skull (Abyss:3)
  10 fungi
  A lurking horror (Lair:1)
  63 plants
  6 starspawn tentacles (Abyss:3)
  4 toadstools (D:4)
88 creatures vanquished.

Grand Total: 1141 creatures vanquished

Notes
Turn   | Place    | Note
-------+----------+-------------------------------------------
     0 | D:1      | BeingJoeMalik the Naga Fighter began the quest for the Orb.
     0 | D:1      | Reached XP level 1. HP: 21/21 MP: 1/1
   199 | D:1      | Reached XP level 2. HP: 23/28 MP: 2/2
   263 | D:1      | Found a faded altar of an unknown god.
   801 | D:2      | Reached XP level 3. HP: 34/34 MP: 3/3
  1079 | D:2      | Found an opulent altar of Gozag.
  1104 | D:2      | Identified the +8 chain mail of Rotation {rC+}
  1453 | D:3      | Reached XP level 4. HP: 42/42 MP: 4/4
  1494 | D:3      | Identified the +7 glaive of the Lair of Beasts {flame, rF+}
  2266 | D:4      | Noticed Sigmund
  2281 | D:4      | Killed Sigmund
  2282 | D:4      | Reached XP level 5. HP: 35/49 MP: 5/5
  2282 | D:4      | Reached XP level 6. HP: 40/56 MP: 6/6
  2442 | D:4      | Noticed Menkaure
  2460 | D:4      | Killed Menkaure
  2586 | D:4      | You fall into a shaft and drop 2 floors!
  2691 | D:6      | Reached XP level 7. HP: 60/62 MP: 7/7
  2782 | D:5      | Entered Level 5 of the Dungeon
  2906 | D:5      | Found Qicedent's Weapon Emporium.
  2916 | D:5      | Found a staircase to the Ecumenical Temple.
  2926 | Temple   | Entered the Ecumenical Temple
  3116 | Temple   | Became a worshipper of Warmaster Okawaru
  3836 | D:5      | Reached XP level 8. HP: 65/69 MP: 8/8
  3906 | D:5      | Found a glowing golden altar of the Shining One.
  4010 | D:5      | Reached * piety under Okawaru
  4018 | D:5      | Found an opulent altar of Gozag.
  4291 | D:5      | Found a shadowy altar of Dithmenos.
  4549 | D:6      | Reached skill level 10 in Polearms
  5321 | D:7      | Reached ** piety under Okawaru
  5322 | D:7      | Reached skill level 4 in Fighting
  5534 | D:7      | Found a flagged portal.
  5554 | Bailey   | Entered a bailey
  5566 | Bailey   | Reached XP level 9. HP: 45/78 MP: 6/9
  5872 | Bailey   | Noticed an orc high priest
  5876 | Bailey   | Noticed a soul eater
  5876 | Bailey   | Noticed a hellwing
  5885 | Bailey   | Killed an orc high priest
  5885 | Bailey   | Reached *** piety under Okawaru
  5886 | Bailey   | Reached skill level 5 in Fighting
  6453 | Bailey   | Acquired the +10 demon trident of the Battered Wars {pain,
                  | rN+ rCorr}
  6770 | Bailey   | Reached skill level 6 in Fighting
  6819 | Bailey   | Reached XP level 10. HP: 51/91 MP: 7/10
  7068 | Bailey   | Found an iron altar of Okawaru.
  7070 | Bailey   | Noticed a kobold demonologist
  7090 | Bailey   | Killed a kobold demonologist
  7142 | Bailey   | Identified the +0 plate armour of the Nine Mouths {rN++
                  | Int-4 SInv Stlth+}
  7214 | Bailey   | Got the Guidebook on the Coals and Glamour
  7879 | D:7      | Found a sacrificial altar of Ru.
  7879 | D:7      | Found a hazy altar of Hepliaklqana.
  8250 | D:8      | Reached **** piety under Okawaru
  8251 | D:8      | Reached skill level 7 in Fighting
  9394 | D:9      | Found a staircase to the Lair.
  9438 | D:9      | Reached skill level 8 in Fighting
  9482 | D:9      | Noticed a two-headed ogre
  9488 | D:9      | Killed a two-headed ogre
  9488 | D:9      | Reached ***** piety under Okawaru
  9489 | D:9      | Reached XP level 11. HP: 92/103 MP: 9/11
 10049 | D:10     | Entered Level 10 of the Dungeon
 10225 | D:10     | Noticed a two-headed ogre
 10225 | D:10     | Noticed Psyche
 10239 | D:10     | Killed a two-headed ogre
 10240 | D:10     | Reached skill level 1 in Spellcasting
 10447 | D:10     | Killed Psyche
 10502 | D:10     | Noticed a cyclops
 10514 | D:10     | Killed a cyclops
 11022 | D:10     | Reached skill level 9 in Fighting
 11305 | D:11     | Noticed a manticore
 11316 | D:10     | Killed a manticore
 11550 | D:11     | Noticed a two-headed ogre
 11556 | D:11     | Killed a two-headed ogre
 11556 | D:11     | Received a gift from Okawaru
 11577 | D:11     | Noticed a red ugly thing
 11586 | D:11     | Killed a red ugly thing
 11777 | D:11     | Reached skill level 5 in Armour
 11821 | D:11     | Reached XP level 12. HP: 116/116 MP: 17/17
 12152 | D:12     | Reached skill level 10 in Fighting
 12289 | D:12     | Found a staircase to the Orcish Mines.
 12398 | D:12     | Noticed a two-headed ogre
 12406 | D:12     | Killed a two-headed ogre
 12407 | D:12     | Reached skill level 1 in Dodging
 12994 | D:13     | Noticed a centaur warrior
 13104 | D:13     | Killed a centaur warrior
 13320 | D:13     | Reached skill level 5 in Shields
 13582 | D:13     | Noticed a tengu warrior
 13582 | D:13     | Noticed a tengu warrior
 13595 | D:13     | Killed a tengu warrior
 13599 | D:13     | Killed a tengu warrior
 13600 | D:13     | Reached skill level 5 in Spellcasting
 13728 | D:13     | Reached skill level 11 in Fighting
 14018 | D:13     | Reached ****** piety under Okawaru
 14124 | D:14     | Found a shadowy altar of Dithmenos.
 14221 | D:14     | Noticed a boulder beetle
 14242 | D:14     | Killed a boulder beetle
 14366 | D:14     | Noticed a tengu warrior
 14368 | D:14     | Noticed a centaur warrior
 14409 | D:14     | Noticed a centaur warrior
 14417 | D:13     | Killed a tengu warrior
 14418 | D:13     | Gained mutation: You can use your snake-like lower body to
                  | constrict enemies. [Naga growth]
 14418 | D:13     | Reached XP level 13. HP: 89/127 MP: 15/21
 14564 | D:14     | Noticed a rakshasa
 14566 | D:14     | Identified the +9 glaive "Folot" {vorpal, rC+ Will+ Int+2}
                  | (Okawaru gifted it to you on level 14 of the Dungeon)
 14566 | D:14     | Received a gift from Okawaru
 14584 | D:14     | Killed a rakshasa
 15117 | D:14     | Paralysed by a floating eye for 4 turns
 15151 | D:14     | Found a gate to the Vaults.
 15481 | D:14     | Identified the +5 glaive "Galeximn" {vorpal, +Blink rC++}
                  | (Okawaru gifted it to you on level 14 of the Dungeon)
 15481 | D:14     | Received a gift from Okawaru
 15626 | D:15     | Entered Level 15 of the Dungeon
 15884 | D:15     | Reached skill level 1 in Stealth
 16122 | D:15     | Noticed Nessos
 16142 | D:15     | Killed Nessos
 16143 | D:15     | Reached skill level 12 in Fighting
 16346 | D:15     | Found a glowing silver altar of Zin.
 16346 | D:15     | Noticed an angel
 16811 | D:15     | Received a gift from Okawaru
 17014 | D:15     | Found a staircase to the Depths.
 17014 | D:15     | Noticed a dire elephant
 17031 | D:15     | Killed a dire elephant
 17036 | D:15     | Reached XP level 14. HP: 24/138 MP: 4/24
 17045 | D:15     | HP: 1/138 [six-headed hydra (6)]
 17507 | D:15     | Reached skill level 1 in Necromancy
 17843 | D:15     | Found a portal to a secret trove of treasure.
 18227 | Lair:1   | Entered Level 1 of the Lair of Beasts
 18601 | Lair:1   | Found a corrupted altar of Lugonu.
 18602 | Lair:1   | Found a one-way gate to the infinite horrors of the Abyss.
 18753 | Lair:1   | Noticed Grum
 18765 | Lair:1   | Killed Grum
 19510 | Lair:2   | Received a gift from Okawaru
 20233 | Lair:3   | Found a transporter.
 20233 | Lair:3   | Found a transporter.
 20243 | Lair:3   | Noticed trench's ghost (journeyman DrVM)
 20324 | Lair:3   | Reached skill level 13 in Fighting
 20489 | Lair:3   | Found a staircase to the Shoals.
 20710 | Lair:3   | Received a gift from Okawaru
 20953 | Lair:3   | Found a staircase to the Snake Pit.
 21623 | Lair:4   | Learned a level 1 spell: Necrotise
 22298 | Lair:5   | Entered Level 5 of the Lair of Beasts
 22313 | Lair:4   | Received a gift from Okawaru
 22412 | Lair:4   | Reached XP level 15. HP: 102/148 MP: 18/25
 22716 | Lair:4   | Reached skill level 5 in Necromancy
 23060 | Lair:5   | Reached skill level 10 in Armour
 23110 | Lair:5   | Identified the +4 demon trident of Imminent Death {vamp,
                  | *Rage Str+9} (Okawaru gifted it to you on level 5 of the
                  | Lair of Beasts)
 23110 | Lair:5   | Received a gift from Okawaru
 23200 | Lair:5   | Identified the +5 scale mail "Fahu" {rF++}
 23382 | Lair:5   | Noticed Urug
 23391 | Lair:5   | Killed Urug
 23458 | Lair:5   | Found a staircase to the Slime Pits.
 24224 | Lair:5   | Received a gift from Okawaru
 24225 | Lair:5   | Reached skill level 14 in Fighting
 24242 | Lair:5   | Reached skill level 10 in Shields
 24654 | Orc:1    | Entered Level 1 of the Orcish Mines
 24932 | Orc:2    | Entered Level 2 of the Orcish Mines
 25231 | Orc:2    | Found Neulin's General Store.
 25251 | Orc:2    | Bought a potion of curing for 54 gold pieces
 25392 | Orc:2    | Found a staircase to the Elven Halls.
 25982 | Orc:2    | Found Irphiale's Magic Scroll Boutique.
 25982 | Orc:2    | Found Fyahanet's General Store.
 25984 | Orc:2    | Found Qowom's Armour Emporium.
 25986 | Orc:2    | Found Naciukkys's Jewellery Shop.
 25998 | Orc:2    | Bought the amulet "Hero's Friend" {Spirit rF+ Regen+} for
                  | 704 gold pieces
 25998 | Orc:2    | Bought the amulet of the Four Winds {rN+ Will+++ Clar} for
                  | 971 gold pieces
 25998 | Orc:2    | Found the amulet of the Four Winds {rN+ Will+++ Clar}
 26110 | Orc:2    | Received a gift from Okawaru
 26527 | Elf:1    | Entered Level 1 of the Elven Halls
 26573 | Elf:1    | Noticed a deep elf sorcerer
 26573 | Elf:1    | Noticed a deep elf sorcerer
 26580 | Elf:1    | Killed a deep elf sorcerer
 26583 | Elf:1    | Killed a deep elf sorcerer
 26584 | Elf:1    | Reached XP level 16. HP: 160/160 MP: 26/26
 26588 | Elf:1    | Identified the amulet "Tose" {Spirit rF++}
 26599 | Elf:1    | Identified the ring of Ceibruta {Ice Dex+5}
 26689 | Elf:1    | Noticed Azrael
 26761 | Elf:1    | Got the Atlas of the Mausoleum
 26971 | Elf:1    | Killed Azrael
 26971 | Elf:1    | Identified the +1 scale mail of Lacat {SInv} (Okawaru
                  | gifted it to you on level 1 of the Elven Halls)
 26971 | Elf:1    | Received a gift from Okawaru
 27046 | Elf:1    | Noticed Asterion
 27061 | Elf:1    | Killed Asterion
 27073 | Elf:1    | Killed the ghostly Asterion
 27092 | Elf:1    | Reached skill level 15 in Fighting
 27286 | Abyss:2  | Cast into level 2 of the Abyss (+2 glaive of distortion)
 27332 | Elf:1    | Escaped the Abyss
 27459 | Elf:1    | Got Rygopt's Directory of Congregated Battling
 27469 | Abyss:3  | Cast into level 3 of the Abyss (+2 glaive of distortion)
 27763 | Abyss:3  | Noticed a tentacled starspawn
 27786 | Abyss:3  | Killed a tentacled starspawn
 27901 | Elf:1    | Escaped the Abyss
 27972 | Elf:1    | HP: 8/163 [iron dragon/spray of metal splinters (11)]
 27973 | Elf:1    | Identified the ring "Giugin" {Fire Will- Int+7 Stlth-}
 27986 | Elf:1    | HP: 6/163 [deep elf knight/shard of ice (2)]
 28181 | Elf:1    | Identified the +12 plate armour "Gosadoli" {+Inv rCorr
                  | Str-3}
 28326 | Elf:1    | Identified the +7 hand crossbow of the Traitor {elec, rPois
                  | SInv Stlth+} (Okawaru gifted it to you on level 1 of the
                  | Elven Halls)
 28326 | Elf:1    | Received a gift from Okawaru
 28423 | Elf:2    | Paralysed by an air elemental for 1 turns
 28482 | Elf:2    | Noticed Nikola
 28502 | Elf:2    | Killed Nikola
 28598 | Elf:2    | Noticed a Tzitzimitl
 28695 | Elf:2    | Reached XP level 17. HP: 172/172 MP: 27/27
 28797 | Elf:2    | Noticed a deep elf blademaster
 28807 | Elf:2    | Killed a deep elf blademaster
 28807 | Elf:2    | Received a gift from Okawaru
 28808 | Elf:2    | Reached skill level 16 in Fighting
 28997 | Elf:2    | Found a runed translucent gate.
 28997 | Elf:2    | Found a runed translucent gate.
 29000 | Elf:2    | Found a runed translucent gate.
 29073 | Elf:2    | Reached skill level 5 in Stealth
 29374 | Elf:2    | Paralysed by an air elemental for 1 turns
 29795 | Elf:3    | Entered Level 3 of the Elven Halls
 29849 | Elf:3    | Found Vush's Assorted Antiques.
 29849 | Elf:3    | Found Qean's Antique Armour Shoppe.
 29853 | Elf:3    | Found Goicaoh's Magic Scroll Emporium.
 29978 | Elf:3    | Reached skill level 5 in Dodging
 30168 | Elf:3    | Paralysed by an air elemental for 1 turns
 30481 | Elf:3    | Paralysed by an air elemental for 1 turns
 30501 | Elf:3    | Received a gift from Okawaru
 30567 | Elf:3    | Noticed a deep elf master archer
 30585 | Elf:3    | Killed a deep elf master archer
 30588 | Elf:3    | Killed a ghostly deep elf master archer
 30596 | Elf:3    | Noticed a deep elf master archer
 30859 | Elf:3    | Killed a deep elf master archer
 30867 | Elf:3    | Noticed a deep elf blademaster
 30880 | Elf:3    | Killed a deep elf blademaster
 30880 | Elf:3    | Identified the +2 bardiche of the Mouth {pain, Contam rElec
                  | Int+2 Stlth+} (Okawaru gifted it to you on level 3 of the
                  | Elven Halls)
 30880 | Elf:3    | Received a gift from Okawaru
 31001 | Elf:3    | Noticed a deep elf master archer
 31030 | Elf:3    | Killed a deep elf master archer
 31031 | Elf:3    | Reached XP level 18. HP: 120/183 MP: 19/30
 31085 | Elf:3    | Noticed a deep elf blademaster
 31092 | Elf:3    | Killed a deep elf blademaster
 31185 | Elf:3    | Identified the +6 lajatang of Glory {spect, Stlth+}
 31185 | Elf:3    | Identified the ring "Mikulel" {Will+ Str+4 Int+6}
 31366 | Elf:3    | Noticed an Ice Fiend
 31389 | Elf:3    | Received a gift from Okawaru
 31489 | Elf:3    | Identified the +8 halberd "Hydraslayer" {drain, +Blink}
 31597 | Elf:3    | Identified the +9 plate armour of Surprise {Rampage rCorr}
 31605 | Elf:3    | Reached skill level 17 in Fighting
 31617 | Elf:3    | Identified the +10 mace "Jooneirch" {vorpal, *Slow rF+ rN+
                  | Str+2}
 31652 | Elf:3    | Identified the +2 ring mail of Imperfection {Int+4 SInv}
 31713 | Elf:3    | Identified the +2 pair of gloves of Liberalism {Dex+3}
 31726 | Elf:3    | Identified the ring of the Dozen Blessings {EV+4 Int+3
                  | SInv}
 31763 | Elf:3    | Reached skill level 10 in Necromancy
 32075 | Lair:1   | Acquired 484 gold pieces
 32268 | Elf:3    | Bought bronze quicksilver dragon scales for 2080 gold
                  | pieces
 32268 | Elf:3    | Identified the quicksilver dragon scales of Afonuhis {Will+
                  | rCorr} (You bought it in a shop on level 3 of the Elven
                  | Halls)
 32271 | Elf:3    | Bought a scroll of enchant armour for 75 gold pieces
 32271 | Elf:3    | Bought a scroll of enchant weapon for 75 gold pieces
 32515 | Snake:1  | Entered Level 1 of the Snake Pit
 32517 | Snake:1  | Noticed Jorgrun
 32536 | Lair:3   | Killed Jorgrun
 33314 | Snake:1  | Learned a level 3 spell: Vampiric Draining
 33723 | Snake:2  | Identified the +8 spear of Ecopheyzoz {protect, *Noise
                  | rElec rN+ rCorr} (Okawaru gifted it to you on level 2 of
                  | the Snake Pit)
 33723 | Snake:2  | Received a gift from Okawaru
 34102 | Snake:2  | Reached skill level 10 in Stealth
 34314 | Snake:2  | Reached XP level 19. HP: 178/193 MP: 2/32
 36257 | Snake:4  | Entered Level 4 of the Snake Pit
 36258 | Snake:4  | Identified the +7 quick blade of Eternal Vigilance {spect,
                  | +Blink rElec rF- Dex+6} (Okawaru gifted it to you on level
                  | 4 of the Snake Pit)
 36258 | Snake:4  | Received a gift from Okawaru
 36389 | Snake:4  | Found Gemogus's Jewellery Shop.
 36389 | Snake:4  | Found Dungopne's Book Shoppe.
 36390 | Snake:4  | Found Zoeroaps's Book Shoppe.
 36533 | Snake:4  | HP: 9/195 [constriction (3)]
 37111 | Snake:4  | Mangled by a naga warrior

Illustrated notes

Levels and vault maps discovered:
D:1:      beargit_arrival_diablo_church, layout_rooms,
          hellmonk_ecumenical_altar_run_dry
D:2:      layout_rooms, basic_altar
D:3:      layout_basic
D:4:      layout_loops_ring, minmay_gold_behind_fungi, uniq_menkaure,
          uniq_sigmund
D:5:      layout_loops_ring, mainiacjoe_overflow_swirl,
          mainiacjoe_overflow_six_doors_small, minmay_temple_entry_tees,
          serial_shops, shop
D:6:      layout_basic, interstate_on_off
D:7:      layout_basic, nicolae_overflow_two_pavilions, enter_bailey_3,
          hangedman_decor_peaks_small, minmay_nine_imps
D:8:      layout_basic
D:9:      layout_basic, grunt_lair_entry_orc_guard_hut,
          chequers_serial_rivers_room_b
D:10:     layout_irregular_city, minmay_increasing_density, uniq_psyche
D:11:     layout_basic
D:12:     layout_gridville, erik_orc_4
D:13:     layout_roguey, kennysheep_another_room, reono_crystal_passage
D:14:     hangedman_cross_stitches, layout_basic, david_vaults_2,
          kennysheep_cluttered_room, nicolae_dithmenos_the_darkroom
D:15:     hangedman_depths_entry_try_elsewhere_first, layout_stronghold,
          enter_trove_6, zin_angel, uniq_nessos
Temple:   nicolae_temple_bog_church
Lair:1:   layout_regular_city, amcnicky_altar_lugonu_corruption, uniq_grum
Lair:2:   layout_chaotic_city, serial_bayou_shore_a, grunt_megastairs_5
Lair:3:   layout_hall_layers, elwin_shoals_entry_stream,
          minmay_snake_entry_guardpost_small, nzn_ghost_randoct
Lair:4:   layout_cave_pods, kennysheep_basilisk_garden, grunt_megastairs_3
Lair:5:   minmay_lair_end_frog_pond, layout_cave_shapes,
          nicolae_slime_entry_slimehenge, ice2_lemuel, uniq_urug
Snake:1:  layout_gridlike, uniq_jorgrun
Snake:2:  layout_layer_cave, st_stairs_14, drop_trap,
          nicolae_snake_scaly_snakehead
Snake:3:  layout_cave_town
Snake:4:  snake_pit, layout_cave_town, nicolae_snake_storage_room,
          minmay_shop_grove
Orc:1:    layout_diamond_mine, basic_altar
Orc:2:    st_orc_rangers, layout_caves, serial_shops, shop
Elf:1:    minmay_the_grid_net [minmay_the_grid_empty,
          minmay_the_grid_aliased_spiral, minmay_the_grid_tri_star,
          minmay_the_grid_fan, minmay_the_grid_dragon_a,
          minmay_the_grid_prize_diamond_cup], layout_geoelf_octagon,
          minmay_elf_necromancy, uniq_asterion, uniq_azrael
Elf:2:    nicolae_elf_blades_crystal_corner, layout_geoelf_grid,
          hangedman_elf_represent, uniq_louise, uniq_nikola
Elf:3:    minmay_elf_hall_four_x, layout_geoelf_castle, minmay_shop_star

Skill      XL: |  1  2  3  4  5  6  7  8  9 10 11 12 13 14 15 16 17 18 19 |
---------------+----------------------------------------------------------+-----
Polearms       | 3 4 6 7 9 10 12 14 | 14.4
Fighting       | 4 6 8 9 11 12 13 14 15 16 17 | 17.8
Shields        | 3 4 5 7 8 10 12 13 14 | 14.0
Spellcasting   | 3 5 7 8 9 |  9.7
Armour         | 5 6 8 9 10 11 12 13 | 13.2
Dodging        | 2 3 4 5 |  5.5
Stealth        | 1 2 3 7 10 11 | 11.7
Necromancy     | 4 6 7 9 11 12 | 12.3

Action                   |  1- 3 |  4- 6 |  7- 9 | 10-12 | 13-15 | 16-18 | 19-21 || total
-------------------------+-------+-------+-------+-------+-------+-------+-------++-------
Melee: Trident           |   119 |    58 |   263 |       |       |       |       ||   440
       Demon trident     |       |       |    32 |   492 |  1175 |  1173 |   287 ||  3159
       Constrict         |       |       |       |       |   222 |   208 |    52 ||   482
 Cast: Vampiric Draining |       |       |       |       |       |     2 |       ||     2
 Abil: Spit Poison       |     5 |     5 |    36 |    29 |    23 |     8 |       ||   106
Evoke: Wand              |       |       |       |       |       |     1 |       ||     1
  Use: Scroll            |       |    11 |     5 |     8 |     6 |     4 |     4 ||    38
       Potion            |       |       |     1 |       |     7 |     2 |     3 ||    13
 Stab: Distracted        |       |       |       |     1 |     1 |     1 |     1 ||     4
       Sleeping          |       |       |       |       |       |     9 |    11 ||    20
Armor: Scale mail        |    53 |       |       |       |       |       |       ||    53
       Chain mail        |    11 |    25 |   131 |   205 |   735 |   450 |   135 ||  1692
Dodge: Dodged            |    42 |     3 |    37 |    61 |   148 |   106 |    55 ||   452
Block: Buckler           |    15 |    10 |    41 |   103 |       |       |       ||   169
       Kite shield       |       |       |       |       |   692 |   494 |   186 ||  1372
